 Dungeon Crawl Stone Soup version 0.20-a0-837-g0f21a4d (webtiles) character file.

1992 M4edhros the Conjurer (level 9, -7/57 HPs)
             Began as a Formicid Air Elementalist on Mar 8, 2017.
             Mangled by an orc warrior
             ... wielding a +0 flail
              (19 damage)
             ... on level 7 of the Dungeon.
             The game lasted 00:12:17 (14512 turns).

M4edhros the Conjurer (Formicid Air Elementalist)  Turns: 14512, Time: 00:12:17

Health: -7/57      AC:  3    Str: 12    XL:     9   Next: 44%
Magic:  9/18       EV: 13    Int: 16    God:    Xom [..*...]
Gold:   480        SH:  4    Dex: 16    Spells: 5/20 levels left

rFire    + + .     SeeInvis +   t - staff of air
rCold    + . .     Gourm    .   a - +0 robe
rNeg     . . .     Faith    +   (no shield)
rPois    .         Spirit   .   (helmet unavailable)
rElec    +         Reflect  .   (no cloak)
rCorr    .         Harm     .   (no gloves)
MR       +....     Clarity  +   (no boots)
Stlth    +++.......             e - amulet of faith
Regen    0.2/turn               l - ring of protection from magic
MPRegen  0.2/turn               q - ring of protection from fire

@: no status effects
A: permanent stasis, dig shafts and tunnels, four strong arms, antennae 3, icy
blue scales 1, large bone plates 1, thin skeletal structure 1, clarity, cold
resistance 1, deformed body, fire resistance 1, sense surroundings 1, screaming
1, wild magic 1
a: Dig, Shaft Self, Renounce Religion


You were on level 7 of the Dungeon.
You worshipped Xom.
You were a toy of Xom.
You were not hungry.

You visited 2 branches of the dungeon, and saw 10 of its levels.

You collected 480 gold pieces.

Inventory:

Hand Weapons
 h - a +0 whip of venom
 j - a +0 dagger of venom
Missiles
 u - 18 sling bullets
Armour
 a - a +0 robe (worn)
Magical Staves
 t - an uncursed staff of air (weapon)
Jewellery
 e - an amulet of faith (around neck)
 l - a ring of protection from magic (right hand)
 m - an uncursed amulet of rage
 q - a ring of protection from fire (left hand)
 y - a +2 amulet of reflection {unknown}
Scrolls
 f - a scroll of amnesia {unknown}
 k - a scroll of recharging
 n - a scroll of immolation
 o - a scroll of fear
 p - 2 scrolls of teleportation
 r - 2 scrolls of enchant armour {unknown}
 s - a scroll of fog {unknown}
 v - 5 scrolls of identify
 w - a scroll of magic mapping {unknown}
Potions
 i - a potion of berserk rage
Books
 b - a book of Air

   Spells                             Type                      Level
   a - Shock                          Conjuration/Air              1
   b - Swiftness                      Charms/Air                   2
   c - Static Discharge               Conjuration/Air              3
   d - Airstrike                      Air                          4
   e - Lightning Bolt                 Conjuration/Air              5
Comestibles
 c - 2 bread rations
 d - 4 chunks of flesh
 g - a fruit
 x - a royal jelly


   Skills:
 + Level 2.7 Dodging
 - Level 2.4 Stealth
 * Level 6.2 Spellcasting
 + Level 6.5 Conjurations
 + Level 6.2 Air Magic


You had 5 spell levels left.
You knew the following spells:

 Your Spells              Type           Power        Failure   Level  Hunger
a - Shock                 Conj/Air       ####         2%          1    None
b - Airstrike             Air            #####.....   17%         4    ####...
c - Static Discharge      Conj/Air       #####...     6%          3    ##.....
d - Swiftness             Chrm/Air       ####....     12%         2    #......
e - Lightning Bolt        Conj/Air       #####.....   43%         5    ######.


Dungeon Overview and Level Annotations

Branches:
Dungeon (9/15)             Temple (1/1) D:4
   Lair: D:8-11         Orc: D:9-12

Altars:
Ashenzari
Cheibriados
Dithmenos
Hepliaklqana
Kikubaaqudgha
Okawaru
Ru
Sif Muna
Xom
Zin
The Shining One

Shops:
D:6 [


Innate Abilities, Weirdness & Mutations

You cannot be hasted, slowed, berserked, paralysed or teleported.
You can dig through walls and to a lower floor.
Your four strong arms can wield two-handed weapons with a shield.
You have a pair of large antennae on your head. (SInv)
You are partially covered in icy blue scales. (AC +2)
You are partially covered in large bone plates. (SH +4)
You have a somewhat thin skeletal structure. (Dex +2, Stealth)
You possess an exceptional clarity of mind.
Your flesh is cold resistant. (rC+)
Armour fits poorly on your strangely shaped body.
Your flesh is heat resistant. (rF+)
You passively map a small area around you.
You occasionally shout uncontrollably at your foes.
Your spells are a little harder to cast, but a little more powerful.


Message History

The orc warrior is moderately wounded.
The zap hits the orc warrior.
The orc warrior is heavily wounded.
Casting: Shock
Confirm with . or Enter, or press ? or * to list all spells.
Aiming: Shock
Press: ? - help, Shift-Dir - straight line You feel a surge of power!
The zap misses the orc warrior. x2
The orc warrior hits you with a flail!!
* * * LOW HITPOINT WARNING * * *
Casting: Shock
Confirm with . or Enter, or press ? or * to list all spells.
Aiming: Shock
Press: ? - help, Shift-Dir - straight line You feel a surge of power!
The zap hits the orc warrior.
The orc warrior is heavily wounded.
The zap hits the orc warrior.
The orc warrior is heavily wounded.
The orc warrior hits you with a flail!!
You die...

#.....# #.....#
#.....# #.....#
###.....##########
........)[..)...>#
###.....########.#
........# #o#
....##### #@#
....# #.# ....#
#.# ....# #.#
##### #.# #.# #.#
#.# ###### #.#


You could see an orc warrior.

Vanquished Creatures
  A two-headed ogre (D:5)
  An orc warrior (D:6)
  A sky beast (D:6)
  An ice beast (D:5)
  4 ogres
  The ghost of M4edhros the Gusty, an amateur FoAE (D:4)
  A bullfrog (D:7)
  2 crimson imps
  2 orc priests
  3 hounds (D:4)
  A centaur skeleton (D:4)
  3 worker ants
  4 orc wizards
  A hound skeleton (D:7)
  3 gnolls (D:5)
  6 adders
  An adder zombie (D:6)
  2 worms
  A dart slug (D:2)
  3 leopard geckos
  10 orcs
  A ball python (D:4)
  4 giant cockroaches
  5 goblins
  3 hobgoblins
  6 jackals
  4 kobolds
  5 frilled lizards
  A giant cockroach zombie (D:6)
  A quokka zombie (D:5)
  A rat (D:1)
83 creatures vanquished.

Notes
Turn   | Place    | Note
-------+----------+-------------------------------------------
     0 | D:1      | M4edhros the Formicid Air Elementalist began the quest for the Orb.
     0 | D:1      | Reached XP level 1. HP: 13/13 MP: 3/3
    24 | D:1      | Reached skill level 1 in Conjurations
   355 | D:1      | Reached XP level 2. HP: 16/19 MP: 0/5
   710 | D:2      | Reached XP level 3. HP: 14/24 MP: 1/6
  1169 | D:3      | Reached XP level 4. HP: 18/30 MP: 2/7
  1448 | D:4      | Reached XP level 5. HP: 30/35 MP: 0/8
  1691 | D:4      | Found a staircase to the Ecumenical Temple.
  1709 | Temple   | Entered the Ecumenical Temple
  1828 | Temple   | Became a worshipper of Xom of Malicious Giggling
  2056 | Temple   | XOM: harmless Hex miscast
  2150 | Temple   | XOM: summons 2 hostile demons
  2203 | D:4      | XOM: god gift: scroll labeled OTHEAN MEERE {god gift}
  2479 | Temple   | XOM: scenery: 1 doors close
  2500 | Temple   | XOM: scenery: 1 doors open
  2776 | Temple   | XOM: divination: detect creatures
  2916 | Temple   | XOM: god gift: viscous ruby potion {god gift}
  3138 | Temple   | XOM: god gift: 48 gold pieces
  3606 | Temple   | XOM: give mutations
  3606 | Temple   | Gained mutation: Your body sometimes deteriorates upon taking damage. [Xom's mischief]
  3606 | Temple   | Gained mutation: Your magical capacity is low. (-10% MP) [Xom's mischief]
  3606 | Temple   | Lost mutation: Your body sometimes deteriorates upon taking damage. [Xom's mischief]
  3640 | Temple   | XOM: give mutations
  3640 | Temple   | Gained mutation: Your flesh is cold resistant. (rC+) [Xom's grace]
  3640 | Temple   | Gained mutation: Your flesh is heat resistant. (rF+) [Xom's grace]
  3640 | Temple   | Gained mutation: You are partially covered in large bone plates. (SH +4) [Xom's grace]
  3648 | Temple   | XOM is BORED!
  3648 | Temple   | XOM: give mutations
  3648 | Temple   | Lost mutation: Your flesh is cold resistant. (rC+) [Xom's mischief]
  3648 | Temple   | Lost mutation: Your magical capacity is low. (-10% MP) [Xom's mischief]
  4366 | Temple   | XOM: scenery: 1 doors close
  4773 | Temple   | XOM: god gift: bread ration
  4991 | Temple   | XOM: give mutations
  4991 | Temple   | Gained mutation: You are weak. (Str -2) [Xom's mischief]
  4991 | Temple   | Lost mutation: You are weak. (Str -2) [Xom's mischief]
  5008 | Temple   | XOM is BORED!
  5008 | Temple   | XOM: noise
  5234 | Temple   | XOM: god gift: steel ring {god gift}
  5367 | Temple   | XOM: harmless Hex miscast
  5702 | Temple   | XOM: god gift: thin jewelled staff {god gift}
  5830 | Temple   | XOM: give mutations
  5830 | Temple   | Gained mutation: You have a somewhat thin skeletal structure. (Dex +2, Stealth) [Xom's grace]
  5830 | Temple   | Gained mutation: You are partially covered in icy blue scales. (AC +2) [Xom's grace]
  5830 | Temple   | Gained mutation: You are resistant to hostile enchantments. (MR+) [Xom's grace]
  6086 | Temple   | XOM: god gift: 23 gold pieces
  6194 | Temple   | XOM: give mutations
  6194 | Temple   | Gained mutation: You are agile. (Dex +2) [Xom's grace]
  6194 | Temple   | Gained mutation: You passively map a small area around you. [Xom's grace]
  6194 | Temple   | Gained mutation: Your spells are a little harder to cast, but a little more powerful. [Xom's grace]
  6269 | Temple   | XOM is BORED!
  6269 | Temple   | XOM: medium Conj miscast
  6460 | Temple   | XOM: harmless Fire miscast
  6821 | Temple   | XOM: summons 2 hostile demons
  6896 | D:4      | Noticed M4edhros's ghost (amateur FoAE)
  6972 | Temple   | XOM: mild Hex miscast
  7228 | Temple   | XOM: scenery: 1 doors open
  7245 | Temple   | XOM: medium Conj miscast
  7606 | Temple   | XOM: mild Tloc miscast
  7607 | Temple   | Noticed a spatial vortex
  7615 | D:4      | Killed M4edhros's ghost
  7615 | D:4      | Reached XP level 6. HP: 39/41 MP: 2/9
  7762 | Temple   | XOM: divination: detect creatures
  8910 | Temple   | XOM: divination: detect items
  8979 | Temple   | XOM: give mutations
  8979 | Temple   | Lost mutation: You are resistant to hostile enchantments. (MR+) [Xom's mischief]
  8979 | Temple   | Gained mutation: Armour fits poorly on your strangely shaped body. [Xom's mischief]
  8979 | Temple   | Gained mutation: You occasionally shout uncontrollably at your foes. [Xom's mischief]
  8979 | Temple   | Lost mutation: You are agile. (Dex +2) [Xom's mischief]
  9033 | Temple   | XOM is BORED!
  9033 | Temple   | XOM: summons 2 hostile demons
  9112 | Temple   | XOM: god gift: 50 gold pieces
  9161 | Temple   | XOM: god gift: 45 gold pieces
  9355 | Temple   | XOM: cloud trail
  9415 | Temple   | XOM: scenery: 1 doors close
  9606 | Temple   | XOM: noise
  9867 | D:4      | XOM: divination: detect creatures
 10009 | D:4      | Found a sacrificial altar of Ru.
 10009 | D:4      | Noticed an ogre
 10016 | D:4      | Killed an ogre
 10016 | D:4      | Reached XP level 7. HP: 46/46 MP: 6/10
 10038 | D:4      | XOM: god gift: 40 gold pieces
 10145 | D:5      | Entered Level 5 of the Dungeon
 10280 | D:5      | Found a glowing golden altar of the Shining One.
 10334 | D:5      | Reached skill level 5 in Air Magic
 10396 | D:5      | XOM: divination: detect creatures
 10405 | D:5      | XOM: summons 3 hostile demons
 10702 | Temple   | XOM: give mutations
 10702 | Temple   | Gained mutation: Your flesh is cold resistant. (rC+) [Xom's grace]
 10702 | Temple   | Gained mutation: You possess an exceptional clarity of mind. [Xom's grace]
 10918 | Temple   | XOM: god gift: 19 gold pieces
 10972 | Temple   | XOM: cloud trail
 12156 | D:4      | XOM: harmless Tmut miscast
 12785 | D:5      | XOM: enchant monster (bad)
 12791 | D:5      | Reached skill level 5 in Conjurations
 12819 | D:5      | XOM: mild Conj miscast
 12877 | D:5      | XOM: stat loss: -1 Dex (14/15)
 13016 | D:5      | XOM: harmless Ice miscast
 13101 | D:5      | XOM: scenery: create altars
 13113 | D:5      | XOM: smoke on damage
 13138 | D:5      | XOM: medium Fire miscast
 13272 | D:6      | Found Usmitocw's Armour Boutique.
 13272 | D:6      | Noticed a two-headed ogre
 13294 | D:5      | Killed a two-headed ogre
 13294 | D:5      | Reached XP level 8. HP: 18/52 MP: 2/15
 13586 | Temple   | XOM: severe Fire miscast
 13798 | D:6      | XOM: confuse monster(s)
 13872 | D:6      | Reached skill level 5 in Spellcasting
 13872 | D:6      | Reached XP level 9. HP: 31/57 MP: 9/16
 13907 | D:6      | XOM: mild Erth miscast
 13940 | D:6      | XOM: scenery: create altars
 13952 | D:6      | XOM: enchant monster (good)
 14066 | D:6      | Learned a level 4 spell: Airstrike
 14070 | D:6      | Learned a level 3 spell: Static Discharge
 14073 | D:6      | Learned a level 2 spell: Swiftness
 14079 | D:6      | Learned a level 5 spell: Lightning Bolt
 14098 | D:6      | XOM: medium Summ miscast
 14105 | D:6      | You fall through a shaft for 3 floors!
 14105 | D:9      | Noticed a hippogriff
 14109 | D:9      | XOM: scenery: create altars
 14119 | D:8      | Noticed a komodo dragon
 14123 | D:8      | Found a deep blue altar of Sif Muna.
 14124 | D:8      | XOM: summons 4 friendly demons
 14135 | D:7      | XOM: summons 4 hostile demons
 14303 | D:7      | XOM: confuse monster(s)
 14417 | D:7      | XOM: divination: detect items
 14419 | D:7      | XOM: blink monster(s)
 14512 | D:7      | Mangled by an orc warrior

Vault maps used:
D:1:      ncdulo_wetmaze
D:2:      serial_forest, infiniplex_forest_zigzag_1,
          infiniplex_forest_clump_long, infiniplex_forest_diagonal,
          infiniplex_forest_corner_1, infiniplex_forest_zigzag_2,
          infiniplex_forest_clump_small, infiniplex_forest_clump_medium,
          serial_bayou_lagoon_a, bh_walls_and_bars
D:3:      chequers_ecumenical_altar_simple, first_bread
D:4:      minmay_temple_entry_junction, nicolae_ru_sacrificial_ziggurat
D:5:      nicolae_overflow_crystal_walls
D:6:      kennysheep_ying_yang, serial_shops, shop_statue, uniq_menkaure
D:7:      minmay_blocky_corners
D:8:      nicolae_overflow_hidden_temple, serial_shops, shop
D:9:      kennysheep_mini, gammafunk_temple_overflow_elements, orc_0_dummy,
          special_room, serial_shops, shop, shop, minmay_misc_feat_tiny,
          uniq_erica
Temple:   minmay_temple_curvy_loop

Skill      XL: |  1  2  3  4  5  6  7  8  9 |
---------------+----------------------------+-----
Conjurations   | 1 2 3 4 5 6 |  6.5
Air Magic      | 3 4 5 6 |  6.2
Spellcasting   | 4 5 6 |  6.2
Dodging        | 2 |  2.7
Stealth        | |  2.4

Action                   |  1- 3 |  4- 6 |  7- 9 || total
-------------------------+-------+-------+-------++-------
Melee: Unarmed           |    10 |       |       ||    10
       Dagger            |    14 |     7 |       ||    21
       Staff             |       |     2 |    39 ||    41
 Cast: Shock             |    44 |    59 |   130 ||   233
       Airstrike         |       |       |     3 ||     3
 Abil: Shaft Self        |       |       |     1 ||     1
  Use: Scroll            |     2 |       |     3 ||     5
       Potion            |       |     1 |     4 ||     5
  Eat: Chunk             |     1 |     5 |     9 ||    15
       Bread ration      |       |     3 |     1 ||     4
       Royal jelly       |       |     2 |     1 ||     3
       Meat ration       |       |     1 |       ||     1
       Fruit             |       |       |     2 ||     2
Armor: Robe              |     1 |     5 |     9 ||    15
Dodge: Dodged            |    23 |    24 |    52 ||    99
Block: Other             |       |     2 |    11 ||    13
